 Dungeon Crawl Stone Soup version 0.30-a0-170-g85af917532 (webtiles) character file.

Game seed: 289023406323289968

124 qw the Chopper (level 5, -3/32 HPs)
             Began as a Gargoyle Fighter on Sept 30, 2022.
             Slain by a water moccasin (7 damage)
             ... on level 3 of the Dungeon.
             The game lasted 00:00:46 (2051 turns).

qw the Chopper (Gargoyle Fighter)                   Turns: 2051, Time: 00:00:47

Health: -3/32      AC: 10    Str: 21    XL:     5   Next: 8%
Magic:  5/5        EV: 13    Int:  9    God:
Gold:   130        SH:  4    Dex:  9    Spells: 4/4 levels left

rFire   . . .      SeeInvis .    Y - +2 war axe
rCold   . . .      Faith    .    c - +0 buckler
rNeg    + . .      Spirit   .    b - +0 scale mail
rPois   inf        Reflect  .    (no helmet)
rElec   +          Harm     .    (no cloak)
rCorr   .          Rampage  .    (no gloves)
Will    +....                    (no boots)
Stlth   ..........               (no amulet)
HPRegen 0.10/turn                h - +4 ring of evasion
MPRegen 0.09/turn                l - ring of willpower

@: about to teleport
A: sickness immunity, AC +4, negative energy resistance 1, electricity
resistance, torment resistance 1, petrification resistance
a: no special abilities


You were on level 3 of the Dungeon.
You visited 1 branch of the dungeon, and saw 3 of its levels.

You collected 130 gold pieces.


Innate Abilities, Weirdness & Mutations

You are immune to sickness and miasma.
Your stone body is resilient. (AC +4)
You are immune to poison.
You resist negative energy. (rN+)
You are resistant to electric shocks. (rElec)
You are resistant to unholy torment.
You are immune to petrification.


   Skills:
 - Level 3.2 Fighting
 + Level 4.6 Axes
 - Level 3.2 Armour
 - Level 3.2 Shields


You had 4 spell levels left.
You didn't know any spells.
Your spell library was empty.

Inventory:

Hand Weapons
 j - a +0 whip
 Y - a +2 war axe (weapon)
Missiles
 m - 2 boomerangs (quivered)
Armour
 b - a +0 scale mail (worn)
 c - a +0 buckler (worn)
 g - a +0 chain mail
Jewellery
 h - a +4 ring of evasion (left hand)
 l - a ring of willpower (right hand)
Scrolls
 a - a scroll of teleportation
 k - a scroll of butterflies {unknown}
Potions
 d - 3 potions of might
 e - a potion of attraction {unknown}
 f - a potion of resistance {unknown}
 i - a potion of curing {unknown}

Dungeon Overview and Level Annotations

Branches:
Dungeon (3/15)

Altars:


Message History

Press: ? - help, Q - select action Shift-Dir - straight line, f/p - water moccasin You throw a boomerang.
The boomerang misses the water moccasin.
The water moccasin closely misses you.
You hit the water moccasin.
The water moccasin is moderately wounded.
The water moccasin bites you but does no damage.
The water moccasin barely misses you.
You closely miss the water moccasin.
The water moccasin is moderately wounded.
The water moccasin closely misses you.
You closely miss the water moccasin.
The water moccasin is moderately wounded.
The water moccasin bites you.
The water moccasin bites you but does no damage.
You miss the water moccasin.
The water moccasin is moderately wounded.
The water moccasin bites you but does no damage.
The water moccasin misses you.
You miss the water moccasin.
The water moccasin is moderately wounded.
The water moccasin bites you.
The water moccasin bites you but does no damage.
You barely miss the water moccasin.
The water moccasin is moderately wounded.
The water moccasin barely misses you. You block the water moccasin's attack.
You slash the water moccasin!
The water moccasin is almost dead.
The water moccasin bites you. x2
You hit the water moccasin.
The water moccasin is almost dead.
The water moccasin bites you. x2
2050 ||| READING 2 scrolls of teleportation.
As you read the scroll of teleportation, it crumbles to dust.
You feel strangely unstable. The water moccasin barely misses you.
You barely miss the water moccasin.
The water moccasin is almost dead.
The water moccasin bites you!
You die...

##.....# ##......#
#. .# #.###.### #.
#.# .## ##.# #. #.#
#.###.####### #. #.#
...#......... #. #.#
#.....####### #. #%#
#....## #S##.#
#.#.## #.@..# #..>#
############.#
###.###............#
#.....##########.#
#.##### #.# #.# #.#
#.# #.# #.# #.# #.#
#.#


You could see a water moccasin.

Vanquished Creatures
  An orc wizard (D:3)
  5 adders
  A dart slug (D:1)
  3 orcs (D:3)
  4 endoplasms (D:1)
  2 giant cockroaches (D:1)
  2 goblins
  3 hobgoblins
  2 jackals (D:3)
  4 quokkas
  6 ball pythons
  2 bats (D:1)
  3 frilled lizards
  3 kobolds
  8 rats (D:2)
49 creatures vanquished.

Notes
Turn   | Place    | Note
-------+----------+-------------------------------------------
     0 | D:1      | qw the Gargoyle Fighter began the quest for the Orb.
     0 | D:1      | Reached XP level 1. HP: 14/14 MP: 1/1
     0 | D:1      | 0 ||| qw: Version: 0.2-a-13-gfc7b4b4
     0 | D:1      | 0 ||| qw: Game counter: 1659
     0 | D:1      | 0 ||| qw: Always use a shield: true
     0 | D:1      | 0 ||| qw: God list: Okawaru
     0 | D:1      | 0 ||| qw: Allow faded altars: false
     0 | D:1      | 0 ||| qw: Do Orc after D:15 true
     0 | D:1      | 0 ||| qw: Do second Lair branch before Depths: true
     0 | D:1      | 0 ||| qw: Lair rune preference: random
     0 | D:1      | 0 ||| qw: Plans: Normal, Zot:1-4, God:TSO, Crypt, Tomb,
                  | Pan, Slime:5, Hells, Abyss, Orb
     0 | D:1      | 0 ||| PLANNING D:1-11
     8 | D:1      | 8 ||| Stepping ~*~*~tactically~*~*~ (stealth).
    10 | D:1      | 10 ||| Stepping ~*~*~tactically~*~*~ (stealth).
    11 | D:1      | 11 ||| Stepping ~*~*~tactically~*~*~ (stealth).
    17 | D:1      | Reached skill level 2 in Axes
    68 | D:1      | Reached XP level 2. HP: 6/19 MP: 2/2
   632 | D:1      | 632 ||| Stepping ~*~*~tactically~*~*~ (hiding).
   864 | D:1      | Reached skill level 3 in Axes
  1061 | D:1      | 1061 ||| READING scroll labelled QEFIUCZEREZ.
  1092 | D:2      | 1092 ||| STAIRDANCE
  1096 | D:1      | Reached XP level 3. HP: 23/23 MP: 3/3
  1111 | D:2      | 1111 ||| STAIRDANCE
  1271 | D:2      | 1271 ||| Stepping ~*~*~tactically~*~*~ (stealth).
  1282 | D:2      | 1282 ||| Stepping ~*~*~tactically~*~*~ (stealth).
  1290 | D:2      | 1290 ||| READING scroll of enchant weapon.
  1290 | D:2      | 1290 ||| ENCHANTING +1 war axe.
  1306 | D:2      | 1306 ||| DROPPING +0 club.
  1335 | D:2      | 1335 ||| Stepping ~*~*~tactically~*~*~ (stealth).
  1427 | D:2      | Reached XP level 4. HP: 23/28 MP: 4/4
  1630 | D:2      | Reached skill level 4 in Axes
  1777 | D:2      | 1777 ||| UPGRADING to +4 ring of evasion.
  1778 | D:2      | 1778 ||| UPGRADING to ring of willpower.
  1779 | D:2      | 1779 ||| READING 2 scrolls labelled WOAQEL FEUNOED.
  1782 | D:2      | 1782 ||| READING scroll labelled WICVUO OZESTREI.
  1783 | D:2      | 1783 ||| READING scroll labelled AWNEIN DOKHLEAKH.
  1870 | D:3      | 1870 ||| Stepping ~*~*~tactically~*~*~ (stealth).
  1941 | D:3      | 1941 ||| Stepping ~*~*~tactically~*~*~ (stealth).
  1955 | D:3      | Reached XP level 5. HP: 28/32 MP: 5/5
  1955 | D:3      | 1955 ||| FLEEEEING.
  2038 | D:3      | Noticed a water moccasin
  2049 | D:3      | HP: 4/32 [water moccasin (6)]
  2050 | D:3      | 2050 ||| READING 2 scrolls of teleportation.
  2051 | D:3      | Slain by a water moccasin

Levels and vault maps discovered:
D:1:      amcnicky_arrival_choice, layout_rooms, minmay_distorted
D:2:      layout_rooms, minmay_rat_gold_closets
D:3:      layout_loops_ring, patterned_corridor, uniq_terence

Skill      XL: |  1  2  3  4 |
---------------+-------------+-----
Axes           | 2 3 4 |  4.6
Fighting       | |  3.2
Armour         | |  3.2
Shields        | |  3.2

Action                   |  1- 3 |  4- 6 || total
-------------------------+-------+-------++-------
Melee: War axe           |    89 |    61 ||   150
Throw: Boomerang         |       |     4 ||     4
  Use: Scroll            |     2 |     4 ||     6
Armor: Scale mail        |    40 |    19 ||    59
Dodge: Dodged            |    41 |    27 ||    68
Block: Buckler           |    12 |     7 ||    19

Table legend:
 A = Non-vault XP
 B = Vault XP
 C = Vault XP percentage of total XP
 D = Non-vault monster count
 E = Vault monster count
 F = Vault count percentage of total count
                 A         B        C        D         E       F
            +---------+---------+-------+---------+---------+-------
      Total |     163 |      15 |   8.4 |      39 |      10 |  20.4
            +---------+---------+-------+---------+---------+-------
        D:1 |      39 |       8 |  17.0 |      15 |       3 |  16.7
        D:2 |      54 |       7 |  11.5 |      13 |       7 |  35.0
        D:3 |      70 |       0 |   0.0 |      11 |       0 |   0.0
            +---------+---------+-------+---------+---------+-------
